 Dungeon Crawl Stone Soup version 0.22-a0-538-g76cc104 (webtiles) character file.

4876 CougarLife the Blocker (level 10, -5/82 HPs)
             Began as a Gnoll Fighter on June 23, 2018.
             Impaled on a porcupine's spines (13 damage)
             ... on level 8 of the Dungeon.
             The game lasted 00:09:57 (7655 turns).

CougarLife the Blocker (Gnoll Fighter)              Turns: 7655, Time: 00:09:58

Health: -5/82      AC:  9    Str: 21    XL:     10   Next: 50%
Magic:  17/17      EV: 12    Int: 11    God:
Gold:   466        SH: 11    Dex: 15    Spells: 19/19 levels left

rFire    . . .     SeeInvis .   a - +0 war axe
rCold    . . .     Gourm    .   c - +0 shield
rNeg     . . .     Faith    .   b - +0 scale mail
rPois    .         Spirit   .   o - +0 helmet
rElec    .         Reflect  .   (no cloak)
rCorr    .         Harm     .   (no gloves)
MR       +....                  (no boots)
Stlth    ++........             (no amulet)
HPRegen  0.23/turn              g - ring of protection from magic
MPRegen  0.15/turn              p - +6 ring of slaying

@: no status effects
A: distributed training, fangs 1, strong nose
a: no special abilities


You were on level 8 of the Dungeon.
You were not hungry.

You visited 2 branches of the dungeon, and saw 9 of its levels.
You also visited: Sewer and Ossuary.

You collected 466 gold pieces.

Inventory:

Hand Weapons
 a - a +0 war axe (weapon)
Armour
 b - a +0 scale mail (worn)
 c - a +0 shield (worn)
 o - a +0 helmet (worn)
Jewellery
 g - a ring of protection from magic (left hand)
 p - a +6 ring of slaying (right hand)
 u - an uncursed ring of see invisible {unknown}
 v - an uncursed ring of positive energy {unknown}
 H - an uncursed ring of protection from cold {unknown}
 J - an uncursed ring of stealth {unknown}
 K - an uncursed ring of flight {unknown}
Wands
 w - a wand of scattershot (5)
Scrolls
 h - a scroll of enchant weapon {unknown}
 j - 6 scrolls of identify {unknown}
 m - 4 scrolls of remove curse
 n - 3 scrolls of amnesia {unknown}
 q - a scroll of magic mapping {unknown}
 s - 13 scrolls of teleportation {unknown}
 t - 5 scrolls of blinking {unknown}
 y - 2 scrolls of fog {unknown}
 C - a scroll of enchant armour {unknown}
 F - 2 scrolls of acquirement {unknown}
 G - 2 scrolls of immolation {unknown}
Potions
 e - a potion of resistance {unknown}
 i - 3 potions of lignification
 k - 10 potions of curing
 l - 2 potions of magic {unknown}
 r - 3 potions of invisibility {unknown}
 x - 2 potions of degeneration {unknown}
 z - 2 potions of heal wounds {unknown}
 A - a potion of haste
 B - 4 potions of brilliance {unknown}
 D - 2 potions of flight {unknown}
 E - a potion of ambrosia {unknown}
 I - a potion of mutation {unknown}
Comestibles
 d - 5 chunks of flesh
 f - 13 rations


   Skills:
 + Level 8.5 Fighting
 + Level 5.2 Short Blades
 + Level 5.2 Long Blades
 + Level 7.0 Axes
 + Level 5.2 Maces & Flails
 + Level 5.2 Polearms
 + Level 5.2 Staves
 + Level 5.2 Slings
 + Level 5.2 Bows
 + Level 5.2 Crossbows
 + Level 5.2 Throwing
 + Level 8.5 Armour
 + Level 5.2 Dodging
 + Level 5.2 Stealth
 + Level 8.5 Shields
 + Level 5.2 Unarmed Combat
 + Level 5.2 Spellcasting
 + Level 4.3 Conjurations
 + Level 4.3 Hexes
 + Level 4.3 Charms
 + Level 4.3 Summonings
 + Level 4.3 Necromancy
 + Level 4.3 Translocations
 + Level 4.3 Transmutations
 + Level 4.3 Fire Magic
 + Level 4.3 Ice Magic
 + Level 4.3 Air Magic
 + Level 4.3 Earth Magic
 + Level 4.3 Poison Magic
 + Level 5.7 Invocations
 + Level 5.2 Evocations


You had 19 spell levels left.
You didn't know any spells.
Your spell library was empty.

Dungeon Overview and Level Annotations

Branches:
Dungeon (8/15)             Temple (1/1) D:6
   Lair: D:8-11

Altars:
Ashenzari
Cheibriados
Dithmenos
Elyvilon
Fedhas
Gozag
Hepliaklqana
Kikubaaqudgha
Makhleb
Nemelex Xobeh
Qazlal
Ru
Sif Muna
Trog
Uskayaw
Vehumet
Wu Jian
Xom
Yredelemnul
Zin
The Shining One


Innate Abilities, Weirdness & Mutations

Your experience applies equally to all skills.
You have very sharp teeth.
Your uncanny sense of smell can sniff out nearby items.


Message History

Your shield and scale mail prevent you from hitting the porcupine.
The porcupine is heavily wounded.
You are struck by the porcupine's spines.
* * * LOW HITPOINT WARNING * * *
You barely miss the porcupine. You hit the crocodile. You barely miss the wolf.
You slash the wolf! You block the wolf's attack. The wolf misses you.
You block the porcupine's attack. The porcupine barely misses you.
A black bear comes into view.
The crocodile closely misses you. The wolf closely misses you.
You block the wolf's attack.
The porcupine bites you but does no damage.
The porcupine bites you.
* * * LOW HITPOINT WARNING * * *
The black bear growls angrily.
You slice the porcupine!!
You kill the porcupine!
You hit the wolf but do no damage. You hit the wolf.
You closely miss the crocodile. You slash the crocodile!
You are struck by the porcupine's spines.
You die...

#...'..........P.P....
#...#............P.....
##'##..... ......♣hP.. .
........####....P.......
........#..#.........PPP
........#..#........PPP.
.)......#..#.....h♣..P..
.)))....#.##..hh#t......
#####'###.###'#h@tr.....
'..#.......#..#.†r.+..P.
#..#....>..'..#....# .
############+##....# #
#....# +....# #....#
#....# ∆


You could see 2 crocodiles, 3 black bears, 2 wolves and 2 porcupines.

Vanquished Creatures
  Pikel (D:6)
  Joseph (D:7)
  Prince Ribbit (D:7)
  Eustachio (D:4)
  Menkaure (D:6)
  A porcupine (D:8)
  A black bear (D:8)
  3 ice beasts
  A slave (D:6)
  9 necrophages
  An ogre (D:7)
  3 centaurs
  A big kobold (D:7)
  A bullfrog (D:7)
  A gnoll sergeant (D:6)
  A wyvern skeleton (D:6)
  A water moccasin zombie (D:6)
  6 scorpions
  4 wights (D:7)
  A bullfrog zombie (D:7)
  7 crimson imps
  4 bullfrog skeletons
  A human zombie (Ossuary)
  A centaur zombie (Ossuary)
  A hound (D:6)
  An orc priest (D:4)
  A centaur skeleton (D:6)
  6 orc wizards
  6 worker ants
  A killer bee zombie (D:7)
  2 big kobold zombies (Ossuary)
  3 mummies (Ossuary)
  A howler monkey zombie (D:7)
  5 gnolls (D:6)
  9 adders
  A river rat (Sewer)
  3 scorpion zombies (Ossuary)
  3 shadow imps
  7 leopard geckos
  35 orcs
  4 ball pythons
  6 bats
  10 giant cockroaches
  6 gnoll zombies (Ossuary)
  13 goblins
  4 hobgoblins
  7 jackals
  3 quokkas (D:4)
  A ball python skeleton (D:4)
  14 frilled lizards
  A giant cockroach zombie (D:6)
  2 goblin zombies (Ossuary)
  2 jackal zombies (D:6)
  10 kobolds
  3 kobold zombies (Ossuary)
  3 orc zombies (Ossuary)
  A quokka skeleton (D:5)
  A quokka zombie (D:6)
  23 rats
  A spectral orc (D:4)
  A bush (D:6)
254 creatures vanquished.

Vanquished Creatures (others)
  2 gnolls (D:6)
  An orc zombie (Ossuary)
  4 plants
7 creatures vanquished.

Grand Total: 261 creatures vanquished

Notes
Turn   | Place    | Note
-------+----------+-------------------------------------------
     0 | D:1      | CougarLife the Gnoll Fighter began the quest for the Orb.
     0 | D:1      | Reached XP level 1. HP: 23/23 MP: 1/1
   115 | D:1      | Reached XP level 2. HP: 29/29 MP: 2/2
   777 | D:2      | Reached XP level 3. HP: 35/35 MP: 3/3
   885 | D:2      | Found a faded altar of an unknown god.
  1136 | D:2      | Reached skill level 1 in Invocations
  1255 | D:2      | Found a shimmering altar of Xom.
  1255 | D:2      | Found a burning altar of Makhleb.
  1289 | D:2      | Found a shadowy altar of Dithmenos.
  1519 | D:3      | Reached skill level 1 in Short Blades
  1519 | D:3      | Reached skill level 1 in Long Blades
  1519 | D:3      | Reached skill level 1 in Maces & Flails
  1519 | D:3      | Reached skill level 1 in Polearms
  1519 | D:3      | Reached skill level 1 in Staves
  1519 | D:3      | Reached skill level 1 in Slings
  1519 | D:3      | Reached skill level 1 in Bows
  1519 | D:3      | Reached skill level 1 in Crossbows
  1519 | D:3      | Reached skill level 1 in Throwing
  1519 | D:3      | Reached skill level 1 in Dodging
  1519 | D:3      | Reached skill level 1 in Stealth
  1519 | D:3      | Reached skill level 1 in Unarmed Combat
  1519 | D:3      | Reached skill level 1 in Spellcasting
  1519 | D:3      | Reached skill level 1 in Evocations
  1519 | D:3      | Reached XP level 4. HP: 41/41 MP: 5/5
  1612 | D:3      | Reached skill level 1 in Conjurations
  1612 | D:3      | Reached skill level 1 in Hexes
  1612 | D:3      | Reached skill level 1 in Charms
  1612 | D:3      | Reached skill level 1 in Summonings
  1612 | D:3      | Reached skill level 1 in Necromancy
  1612 | D:3      | Reached skill level 1 in Translocations
  1612 | D:3      | Reached skill level 1 in Transmutations
  1612 | D:3      | Reached skill level 1 in Fire Magic
  1612 | D:3      | Reached skill level 1 in Ice Magic
  1612 | D:3      | Reached skill level 1 in Air Magic
  1612 | D:3      | Reached skill level 1 in Earth Magic
  1612 | D:3      | Reached skill level 1 in Poison Magic
  1679 | D:3      | Reached XP level 5. HP: 46/47 MP: 6/6
  1879 | D:3      | Found a deep blue altar of Sif Muna.
  2046 | D:3      | Found a stormy altar of Qazlal.
  2046 | D:3      | Found a glowing golden altar of the Shining One.
  2645 | D:4      | Noticed Eustachio
  2651 | D:4      | Killed Eustachio
  2651 | D:4      | Reached skill level 5 in Axes
  2651 | D:4      | Reached XP level 6. HP: 39/53 MP: 7/9
  2708 | D:4      | Found a glowing silver altar of Zin.
  2855 | D:4      | Reached XP level 7. HP: 51/59 MP: 10/10
  2978 | D:4      | Found a glowing drain.
  2998 | Sewer    | Entered a sewer
  3547 | D:4      | Found a basalt altar of Yredelemnul.
  3832 | D:5      | Entered Level 5 of the Dungeon
  3848 | D:5      | Found a hazy altar of Hepliaklqana.
  4323 | D:5      | Reached XP level 8. HP: 67/67 MP: 12/12
  4404 | D:5      | Found an ornate altar of the Wu Jian Council.
  4528 | D:5      | Found a radiant altar of Vehumet.
  4871 | D:6      | Noticed Pikel
  4878 | D:6      | Killed Pikel
  4949 | D:6      | Reached XP level 9. HP: 54/72 MP: 14/14
  5049 | D:6      | Noticed Menkaure
  5054 | D:6      | Killed Menkaure
  5127 | D:6      | Found a white marble altar of Elyvilon.
  5309 | D:6      | Found a staircase to the Ecumenical Temple.
  5489 | Temple   | Entered the Ecumenical Temple
  5637 | D:6      | Found a blossoming altar of Fedhas.
  6108 | D:7      | Noticed Joseph
  6110 | D:7      | Found a sand-covered staircase.
  6124 | D:7      | Killed Joseph
  6126 | D:7      | Reached skill level 5 in Invocations
  6258 | Ossuary  | Entered an ossuary
  6635 | Ossuary  | Reached XP level 10. HP: 68/80 MP: 17/17
  6887 | D:7      | Noticed Prince Ribbit
  6915 | D:7      | Reached skill level 5 in Short Blades
  6915 | D:7      | Reached skill level 5 in Long Blades
  6915 | D:7      | Reached skill level 5 in Maces & Flails
  6915 | D:7      | Reached skill level 5 in Polearms
  6915 | D:7      | Reached skill level 5 in Staves
  6915 | D:7      | Reached skill level 5 in Slings
  6915 | D:7      | Reached skill level 5 in Bows
  6915 | D:7      | Reached skill level 5 in Crossbows
  6915 | D:7      | Reached skill level 5 in Throwing
  6915 | D:7      | Reached skill level 5 in Dodging
  6915 | D:7      | Reached skill level 5 in Stealth
  6915 | D:7      | Reached skill level 5 in Unarmed Combat
  6915 | D:7      | Reached skill level 5 in Spellcasting
  6915 | D:7      | Reached skill level 5 in Evocations
  6929 | D:7      | Killed Prince Ribbit
  7376 | D:7      | Found a stormy altar of Qazlal.
  7655 | D:8      | Impaled on a porcupine's spines

Vault maps used:
D:1:      eino_arrival_cavern_e
D:2:      kennysheep_the_goblin_king, gammafunk_temple_overflow_statue,
          grunt_dithmenos_smoke, chequers_ecumenical_altar_simple_redux,
          first_ration, grunt_decor_cap
D:3:      gammafunk_temple_overflow_elements, tgw_sif
D:4:      zin_statuary, yredelemnul_forgotten_temple_becter,
          portal_sewer_entry_f, minmay_rat_hole, uniq_eustachio
D:5:      kennysheep_mini, kennysheep_mini_moat, fiery_altar_vehumet
D:6:      fedhas_altar_decomposition, elyvilon_altar_5, temple_fountains,
          grunt_decor_mini_mirrors, uniq_menkaure, uniq_pikel
D:7:      serial_undead, serial_undead_e, serial_undead_e, serial_undead_b,
          serial_undead_f, basic_altar, nicolae_ossuary_entry_ruins,
          uniq_prince_ribbit1, uniq_joseph
D:8:      minmay_lair_entry_grove, serial_shops, kennysheep_little_box
Temple:   nicolae_temple_figure_zero
Sewer:    sewer_co_cracked_pipes
Ossuary:  ossuary_minmay_scorpions

Skill      XL: |  1  2  3  4  5  6  7  8  9 10 |
---------------+-------------------------------+-----
Invocations    | 1 2 3 4 5 |  5.7
Short Blades   | 1 2 3 4 5 |  5.2
Long Blades    | 1 2 3 4 5 |  5.2
Maces & Flails | 1 2 3 4 5 |  5.2
Polearms       | 1 2 3 4 5 |  5.2
Staves         | 1 2 3 4 5 |  5.2
Slings         | 1 2 3 4 5 |  5.2
Bows           | 1 2 3 4 5 |  5.2
Crossbows      | 1 2 3 4 5 |  5.2
Throwing       | 1 2 3 4 5 |  5.2
Dodging        | 1 2 3 4 5 |  5.2
Stealth        | 1 2 3 4 5 |  5.2
Unarmed Combat | 1 2 3 4 5 |  5.2
Spellcasting   | 1 2 3 4 5 |  5.2
Evocations     | 1 2 3 4 5 |  5.2
Conjurations   | 1 2 3 4 |  4.3
Hexes          | 1 2 3 4 |  4.3
Charms         | 1 2 3 4 |  4.3
Summonings     | 1 2 3 4 |  4.3
Necromancy     | 1 2 3 4 |  4.3
Translocations | 1 2 3 4 |  4.3
Transmutations | 1 2 3 4 |  4.3
Fire Magic     | 1 2 3 4 |  4.3
Ice Magic      | 1 2 3 4 |  4.3
Air Magic      | 1 2 3 4 |  4.3
Earth Magic    | 1 2 3 4 |  4.3
Poison Magic   | 1 2 3 4 |  4.3
Axes           | 5 6 7 |  7.0
Fighting       | 7 8 |  8.5
Armour         | 7 8 |  8.5
Shields        | 7 8 |  8.5

Action                   |  1- 3 |  4- 6 |  7- 9 | 10-12 || total
-------------------------+-------+-------+-------+-------++-------
Melee: War axe           |    68 |    66 |   313 |   118 ||   565
       Bite              |     5 |    13 |    47 |    15 ||    80
  Use: Scroll            |     2 |       |       |       ||     2
       Potion            |       |       |     4 |     1 ||     5
 Stab: Sleeping          |       |       |     1 |       ||     1
  Eat: Chunk             |     2 |     4 |     9 |     4 ||    19
       Ration            |       |       |     1 |       ||     1
Armor: Scale mail        |    36 |    26 |    62 |    30 ||   154
Dodge: Dodged            |    25 |    25 |    88 |    49 ||   187
Block: Shield            |    45 |    36 |   156 |    81 ||   318

Table legend:
 A = Spawn XP
 B = Non-spawn XP
 C = Spawn XP percentage of total XP
 D = Spawn monster count
 E = Non-spawn monster count
 F = Spawn count percentage of total count
 G = Total turns spent on level
                    A         B        C        D         E        F      G
               +---------+---------+-------+---------+---------+-------+---------
         Total |       0 |    6967 |   0.0 |       0 |     252 |   0.0 |  7655
               +---------+---------+-------+---------+---------+-------+---------
           D:1 |       0 |      19 |   0.0 |       0 |      11 |   0.0 |   578
           D:2 |       0 |      49 |   0.0 |       0 |      22 |   0.0 |   929
           D:3 |       0 |     113 |   0.0 |       0 |      27 |   0.0 |   790
           D:4 |       0 |     598 |   0.0 |       0 |      49 |   0.0 |  1064
           D:5 |       0 |     422 |   0.0 |       0 |      19 |   0.0 |   908
           D:6 |       0 |    2410 |   0.0 |       0 |      36 |   0.0 |  1249
           D:7 |       0 |    2150 |   0.0 |       0 |      29 |   0.0 |   850
           D:8 |       0 |     633 |   0.0 |       0 |      15 |   0.0 |   193
         Sewer |       0 |      43 |   0.0 |       0 |      16 |   0.0 |   471
       Ossuary |       0 |     530 |   0.0 |       0 |      28 |   0.0 |   505
               +---------+---------+-------+---------+---------+-------+---------
